 Dungeon Crawl Stone Soup version 0.21-a0-279-g6037ffb (webtiles) character file.

140 JackS81 the Changer (level 5, -5/37 HPs)
             Began as a Merfolk Transmuter on Sept 24, 2017.
             Slain by a gnoll
             ... wielding a +0 flail
              (7 damage)
             ... on level 2 of the Dungeon.
             The game lasted 00:06:52 (1714 turns).

JackS81 the Changer (Merfolk Transmuter)            Turns: 1714, Time: 00:06:53

Health: -5/37      AC:  2    Str: 10    XL:     5   Next: 23%
Magic:  7/8        EV: 13    Int: 13    God:
Gold:   144        SH:  0    Dex: 15    Spells: 4/8 levels left

rFire    . . .     SeeInvis .     - Unarmed
rCold    . . .     Gourm    .   (no shield)
rNeg     . . .     Faith    .   b - +0 robe
rPois    .         Spirit   .   (no helmet)
rElec    .         Reflect  .   (no cloak)
rCorr    .         Harm     .   (no gloves)
MR       .....                  (no boots)
Stlth    +.........             (no amulet)
HPRegen  0.12/turn              j - ring of flight
MPRegen  0.11/turn              (no ring)

@: no status effects
A: change form in water, swift swim, stealthy swim
a: Evoke Flight


You were on level 2 of the Dungeon.
You were not hungry.

You visited 1 branch of the dungeon, and saw 2 of its levels.

You collected 144 gold pieces.

Inventory:

Missiles
 a - 28 arrows
 e - 96 stones (quivered)
Armour
 b - a +0 robe (worn)
Jewellery
 j - a ring of flight (left hand)
Scrolls
 h - 2 scrolls of enchant armour {unknown}
 i - 2 scrolls of identify {unknown}
 l - a scroll of magic mapping {unknown}
 n - a scroll of fog {unknown}
Potions
 f - a potion of mutation {unknown}
 k - a potion of invisibility {unknown}
Books
 c - a book of Changes

   Spells                             Type                      Level
   a - Beastly Appendage              Transmutation                1
   b - Sticks to Snakes               Transmutation                2
   c - Spider Form                    Transmutation/Poison         3
   d - Ice Form                       Ice/Transmutation            4
   e - Blade Hands                    Transmutation                5
Comestibles
 d - 2 bread rations
 g - 3 royal jellies
 m - 5 chunks of flesh


   Skills:
 - Level 1.1 Fighting
 + Level 2.6 Dodging
 * Level 3.5 Unarmed Combat
 - Level 2.0 Spellcasting
 * Level 6.7 Transmutations


You had 4 spell levels left.
You knew the following spells:

 Your Spells              Type           Power        Failure   Level  Hunger
a - Beastly Appendage     Tmut           ###...       1%          1    ##.....
b - Spider Form           Tmut/Pois      ##........   19%         3    ####...


Dungeon Overview and Level Annotations

Branches:
Dungeon (2/15)

Altars:


Message History

The gnoll is severely wounded.
The gnoll misses you.
You hit the gnoll.
You kill the gnoll!
You hit the gnoll but do no damage.
The gnoll is poisoned.
You hit the gnoll but do no damage.
The gnoll looks even sicker.
The gnoll is lightly wounded.
The gnoll misses you.
You hit the gnoll but do no damage.
The gnoll looks as sick as possible!
The gnoll is lightly wounded.
The gnoll hits you with a flail.
You closely miss the gnoll.
The gnoll is lightly wounded.
The gnoll hits you with a flail!
* * * LOW HITPOINT WARNING * * *
You barely miss the gnoll.
The gnoll is heavily wounded.
Your transformation has ended.
Your +0 robe unmelds from your body.
The gnoll hits you with a flail!
You die...

# #..<..# #....## .# #
#.##.## ..#... # #
####...##..##.##.#...###
#....# ###....##$###...#
..######...#####........
.#####...#..# #........
.......####.# #g.......
...##### #.# #g# ##.###
#.# #@# ##...######.##
#.# ####.....##..###.#
######.......>...#
.................#
######..........## #
#########..## #....#
#....#


You could see 2 gnolls.

Vanquished Creatures
  7 gnolls
  2 adders (D:2)
  An ooze (D:1)
  4 leopard geckos
  8 bats
  A giant cockroach (D:1)
  6 hobgoblins
  2 jackals (D:1)
  A quokka (D:2)
  2 frilled lizards (D:1)
  6 goblins
  4 kobolds
  7 rats
51 creatures vanquished.

Notes
Turn   | Place    | Note
-------+----------+-------------------------------------------
     0 | D:1      | JackS81 the Merfolk Transmuter began the quest for the Orb.
     0 | D:1      | Reached XP level 1. HP: 15/15 MP: 3/3
    19 | D:1      | Reached skill level 3 in Transmutations
    95 | D:1      | Reached XP level 2. HP: 14/21 MP: 5/5
   266 | D:1      | Reached skill level 4 in Transmutations
   381 | D:1      | Reached XP level 3. HP: 24/26 MP: 4/6
   599 | D:1      | Reached skill level 5 in Transmutations
   621 | D:1      | Learned a level 3 spell: Spider Form
  1136 | D:2      | Reached XP level 4. HP: 27/32 MP: 5/7
  1186 | D:2      | Found a faded altar of an unknown god.
  1246 | D:2      | Reached skill level 6 in Transmutations
  1262 | D:2      | Reached XP level 5. HP: 7/37 MP: 1/8
  1714 | D:2      | Slain by a gnoll

Vault maps used:
D:1:      dpeg_arrival_tiny_i
D:2:      chequers_ecumenical_altar_simple

Skill      XL: |  1  2  3  4 |
---------------+-------------+-----
Transmutations | 3 4 5 6 |  6.7
Fighting       | |  1.1
Dodging        | |  2.6
Unarmed Combat | |  3.5
Spellcasting   | |  2.0

Action                   |  1- 3 |  4- 6 || total
-------------------------+-------+-------++-------
Melee: Unarmed           |   111 |    54 ||   165
       Headbutt          |    10 |     1 ||    11
       Punch             |     2 |       ||     2
 Cast: Beastly Appendage |    20 |     1 ||    21
       Spider Form       |     1 |     7 ||     8
 Stab: Sleeping          |     2 |     1 ||     3
  Eat: Chunk             |     1 |     3 ||     4
Armor: Robe              |    17 |     1 ||    18
       Skin              |     1 |       ||     1
Dodge: Dodged            |    80 |    35 ||   115

Table legend:
 A = Spawn XP
 B = Non-spawn XP
 C = Spawn XP percentage of total XP
 D = Spawn monster count
 E = Non-spawn monster count
 F = Spawn count percentage of total count
 G = Total turns spent on level
                    A         B        C        D         E        F      G
               +---------+---------+-------+---------+---------+-------+---------
         Total |       0 |     201 |   0.0 |       0 |      51 |   0.0 |  1714
               +---------+---------+-------+---------+---------+-------+---------
           D:1 |       0 |      77 |   0.0 |       0 |      28 |   0.0 |  1110
           D:2 |       0 |     124 |   0.0 |       0 |      23 |   0.0 |   604
               +---------+---------+-------+---------+---------+-------+---------
